 Dungeon Crawl Stone Soup version 0.29.1-12-g30fa7ad0bf (webtiles) character file.

Game seed: 8484537331251337625

133 GeoRichter the Poker (level 4, -1/35 HPs)
             Began as a Demonspawn Monk on Dec 23, 2022.
             Slain by an iguana (12 damage)
             ... on level 3 of the Dungeon.
             The game lasted 00:03:33 (2722 turns).

GeoRichter the Poker (Demonspawn Monk)              Turns: 2722, Time: 00:03:33

Health: -1/35      AC:  5    Str: 14    XL:     4   Next: 93%
Magic:  5/5        EV: 12    Int: 11    God:
Gold:   227        SH:  0    Dex: 15    Spells: 1/4 levels left

rFire   . . .      SeeInvis .   a - +0 spear
rCold   . . .      Faith    .   (no shield)
rNeg    . . .      Spirit   .   b - +0 robe
rPois   .          Reflect  .   (helmet restricted)
rElec   .          Harm     .   (no cloak)
rCorr   .          Rampage  .   (no gloves)
Will    .....                   i - +0 pair of boots
Stlth   ++........              (no amulet)
HPRegen 0.11/turn               (no ring)
MPRegen 0.09/turn               (no ring)

@: hasted, very quick
A: horns 1, yellow scales 1
a: no special abilities


You were on level 3 of the Dungeon.
You visited 1 branch of the dungeon, and saw 3 of its levels.

You collected 227 gold pieces.

Inventory:

Hand Weapons
 a - a +0 spear (weapon)
Missiles
 f - 5 curare-tipped darts (quivered) {!f}
Armour
 b - a +0 robe (worn)
 i - a +0 pair of boots (worn)
   (You found it on level 1 of the Dungeon)
Scrolls
 j - a scroll of immolation {unknown}
 n - a scroll of magic mapping {unknown}
 o - a scroll of blinking {unknown}
Potions
 c - a potion of ambrosia
 d - 2 potions of degeneration {unknown}
 e - a potion of heal wounds {unknown}
 g - 2 potions of curing {@q1}
 h - a potion of cancellation {unknown}
 l - a potion of attraction {unknown}
 m - 2 potions of haste {@q3}
 p - a potion of mutation {unknown}


   Skills:
 - Level 3.0 Fighting
 - Level 4.2 Polearms
 - Level 2.6 Dodging
 - Level 2.9 Stealth
 + Level 0.7 Spellcasting
 * Level 1.2 Ice Magic


You had one spell level left.
You knew the following spells:

 Your Spells              Type           Power      Damage    Failure   Level
a - Frozen Ramparts       Ice            6%         1d1       52%         3

Your spell library contained the following spells:

 Spells                   Type           Power      Damage    Failure   Level
 Slow                     Hex            0%         N/A       32%         1
 Confusing Touch          Hex            0%         N/A       69%         3
 Gell's Gravitas          Tloc           0%         N/A       69%         3
 Lesser Beckoning         Tloc           0%         N/A       69%         3
 Teleport Other           Tloc           0%         N/A       69%         3
 Vampiric Draining        Necr           0%         2d6       69%         3
 Ice Form                 Ice/Tmut       1%         N/A       95%         4
 Summon Ice Beast         Ice/Summ       1%         N/A       95%         4


Dungeon Overview and Level Annotations

Branches:
Dungeon (3/15) Zot: 15301

Altars:

Annotations:
D:3 Grinder


Innate Abilities, Weirdness & Mutations

You have a pair of small horns on your head.
You are partially covered in yellow scales. (AC +2)


Message History

You barely miss the gnoll. The gnoll hits you but does no damage.
You completely miss the gnoll. You headbutt the gnoll.
The gnoll hits you but does no damage.
You barely miss the gnoll. The gnoll misses you.
You hit the gnoll.
You headbutt the gnoll, but do no damage.
The gnoll hits you with a +0 club.
* * * LOW HITPOINT WARNING * * *
You hit the gnoll. You headbutt the gnoll.
You kill the gnoll!
Your Ice Magic skill increases to level 1!
You hit the orc. The orc barely misses you.
You hit the orc.
You kill the orc!
You hit the endoplasm. You headbutt the endoplasm.
You kill the endoplasm!
Unknown command.
You are too injured to fight recklessly!
Reach: a) +0 spear
Aim: an iguana (about 32% to evade your +0 spear)
You reach to attack!
You barely miss the iguana.
You are too injured to fight recklessly!
You are too injured to fight recklessly!
Reach: a) +0 spear
Aim: an iguana (about 32% to evade your +0 spear)
The kobold is in the way.
You closely miss the kobold.
The kobold hits you with a +0 short sword.
* * * LOW HITPOINT WARNING * * *
Reach: a) +0 spear
Aim: an iguana (about 32% to evade your +0 spear)
The kobold is in the way.
You hit the kobold but do no damage. The kobold misses you.
You hit the kobold. Your headbutt misses the kobold.
The kobold closely misses you.
You barely miss the kobold. Your headbutt misses the kobold.
The kobold hits you with a +0 short sword.
* * * LOW HITPOINT WARNING * * *
You feel yourself speed up. The kobold hits you but does no damage.
You closely miss the kobold. Your headbutt misses the kobold.
You barely miss the kobold. The kobold closely misses you.
You hit the kobold.
You kill the kobold!
You hit the iguana but do no damage. You barely miss the iguana.
The iguana barely misses you.
You hit the iguana but do no damage. You hit the iguana.
You headbutt the iguana.
The iguana bites you but does no damage.
You hit the iguana but do no damage. You closely miss the iguana.
The iguana bites you!
You die...

# #<.##.# #.#..#.##
#.......+ ##...#.##
### #..##.# #.#
.......# $?)
###.##### #$# #.#.#
.. #'# #.#. ...
#@#####.... ....
#$..gl#'...##.. .
#!...##.....#.. ...
##..###.....#.#
#..####†'.....#.#
#...()†##...##.#
#.#####..#####..#.#
##.##.........#
#.......#######


You could see an iguana and a gnoll.

Vanquished Creatures
  A gnoll (D:3)
  5 adders
  5 dart slugs
  3 orcs
  6 bats
  5 endoplasms
  9 goblins
  7 hobgoblins
  2 jackals (D:1)
  5 ball pythons
  5 frilled lizards
  5 kobolds
  7 rats
65 creatures vanquished.

Notes
Turn   | Place    | Note
-------+----------+-------------------------------------------
     0 | D:1      | GeoRichter the Demonspawn Monk began the quest for the Orb.
     0 | D:1      | Reached XP level 1. HP: 18/18 MP: 1/1
   142 | D:1      | Reached skill level 3 in Polearms
   189 | D:1      | Gained mutation: You are partially covered in yellow
                  | scales. (AC +2) [demonic ancestry]
   189 | D:1      | Reached XP level 2. HP: 24/24 MP: 2/2
   567 | D:1      | Reached XP level 3. HP: 27/29 MP: 3/3
  1205 | D:2      | Reached skill level 4 in Polearms
  1205 | D:2      | Gained mutation: You have a pair of small horns on your
                  | head. [demonic ancestry]
  1205 | D:2      | Reached XP level 4. HP: 26/35 MP: 4/4
  2054 | D:2      | Learned a level 3 spell: Frozen Ramparts
  2536 | D:3      | Noticed Grinder
  2705 | D:3      | Reached skill level 1 in Ice Magic
  2722 | D:3      | Slain by an iguana

Illustrated notes

Levels and vault maps discovered:
D:1:      dpeg_arrival_central, layout_loops_ring, dreamdust_mushroom_princess,
          feat_on_display
D:2:      layout_basic, basic_altar, minmay_goblin_kobold_house
D:3:      layout_loops_corners, nicolae_ecumenical_oubliette,
          kennysheep_doodads, minmay_joined_circles, uniq_grinder

Skill      XL: |  1  2  3  4 |
---------------+-------------+-----
Polearms       | 3 4 |  4.2
Stealth        | 2 |  2.9
Ice Magic      | 1 |  1.2
Fighting       | |  3.0
Dodging        | |  2.6
Spellcasting   | |  0.7

Action                   |  1- 3 |  4- 6 || total
-------------------------+-------+-------++-------
Melee: Spear             |   121 |   112 ||   233
       Punch             |     1 |     1 ||     2
       Headbutt          |       |    19 ||    19
  Use: Scroll            |       |     3 ||     3
       Potion            |       |     1 ||     1
 Stab: Sleeping          |     4 |     4 ||     8
Armor: Robe              |    12 |    20 ||    32
Dodge: Dodged            |    50 |    37 ||    87
